 Dungeon Crawl Stone Soup version 0.21-a0-509-gecc5317 (webtiles) character file.

174980 4thArraOfDagon the Brawler (level 17, -6/152 HPs)
             Began as a Yellow Draconian Warper on Nov 27, 2017.
             Was a Priest of Qazlal.
             Shot with an arrow by a deep elf master archer (34 damage)
             ... on level 3 of the Elven Halls on Nov 29, 2017.
             The game lasted 02:00:36 (24415 turns).

4thArraOfDagon the Brawler (DrWr)                  Turns: 24415, Time: 02:00:36

Health: -6/152     AC: 21    Str: 17    XL:     17   Next: 46%
Magic:  29/42      EV: 20    Int: 25    God:    Qazlal [***...]
Gold:   2678       SH:  4    Dex: 16    Spells: 29/38 levels left

rFire    + + .     SeeInvis .     - Unarmed
rCold    + . .     Gourm    .   (no shield)
rNeg     + . .     Faith    .   (armour unavailable)
rPois    +         Spirit   .   Q - +3 hat of Pondering {ponderous, MR+ MP+10 Int+5}
rElec    +         Reflect  .   r - +2 cloak
rCorr    +         Harm     .   y - +2 pair of gloves {archery}
MR       ++...                  h - +2 pair of boots
Stlth    +.........             m - amulet of regeneration
HPRegen  0.75/turn              C - ring of Onkegy {rN+ Dex+2}
MPRegen  0.28/turn              H - ring of protection from fire

@: resistant, slow
A: spit acid, acid resistance, unfitting armour, beak, agile 1, clever 1, strong
1, acidic bite, cold-blooded, AC +9
a: Breathe Acid, Upheaval, Elemental Force, Renounce Religion


You were on level 3 of the Elven Halls.
You worshipped Qazlal.
Qazlal was most pleased with you.
You were not hungry.

You visited 5 branches of the dungeon, and saw 30 of its levels.
You also visited: Sewer and Volcano.

You collected 2678 gold pieces.

Inventory:

Missiles
 c - 5 tomahawks of dispersal
 x - 7 throwing nets (quivered)
 O - 6 tomahawks of returning
Armour
 g - a +0 pair of boots
 h - a +2 pair of boots (worn)
 r - a +2 cloak (worn)
 y - a +2 pair of gloves of archery (worn)
 A - a scarf of spirit shield
 Q - the +3 hat of Pondering (worn) {ponderous, MR+ MP+10 Int+5}
   (You found it on level 4 of the Lair of Beasts)

   It affects your intelligence (+5).
   It affects your resistance to hostile enchantments.
   It affects your magic capacity (+10).
 R - a +0 hat of magic resistance
 T - the cursed +0 shield "Bygawe Kager" {+Fly MR+ rCorr Dex+3}
   (You found it on level 5 of the Lair of Beasts)

   It affects your dexterity (+3).
   It affects your resistance to hostile enchantments.
   It lets you fly.
   It protects you from acid and corrosion.
   It has a curse placed upon it.
 X - a +3 large shield of fire resistance
Magical Staves
 B - an uncursed staff of air
 P - an uncursed staff of energy {!a}
Jewellery
 m - an amulet of regeneration (around neck)
 p - an uncursed ring of flight
 t - the amulet of Descent {Gourm rElec rC++ rN+ MR-}
   (You acquired it on level 3 of the Shoals)

   [amulet of the gourmand]

   It allows you to eat raw meat even when not hungry.
   It greatly protects you from cold.
   It insulates you from electricity.
   It protects you from negative energy.
   It affects your resistance to hostile enchantments.
 u - an uncursed ring of ice
 C - the ring of Onkegy (left hand) {rN+ Dex+2}
   (You acquired it on level 12 of the Dungeon)

   [ring of dexterity]

   It affects your dexterity (+2).
   It protects you from negative energy.
 H - a ring of protection from fire (right hand)
 M - an uncursed amulet of rage
 Z - an uncursed ring of positive energy
Wands
 a - a wand of iceblast (5)
 e - a wand of flame (15)
 n - a wand of clouds (1)
 s - a wand of digging (5)
 G - a wand of acid (5)
 J - a wand of polymorph (64)
 N - a wand of paralysis (16)
Scrolls
 b - 2 scrolls of blinking
 f - 3 scrolls of fog
 k - 13 scrolls of remove curse
 o - 3 scrolls of noise
 q - a scroll of immolation
 z - 2 scrolls of silence
 E - 2 scrolls of enchant armour
 L - 4 scrolls of teleportation
Potions
 i - 9 potions of brilliance
 j - a potion of agility
 l - 7 potions of flight
 w - a potion of mutation
 F - 2 potions of haste
 S - a potion of magic
 V - 6 potions of resistance
 Y - 2 potions of curing
Miscellaneous
 I - a fan of gales
 U - a box of beasts
Comestibles
 d - 10 bread rations
 v - 5 royal jellies
 D - 3 meat rations


   Skills:
 - Level 14.0 Fighting
 - Level 0.8 Throwing
 - Level 11.2 Dodging
 - Level 18.4 Unarmed Combat
 - Level 11.1 Spellcasting
 - Level 3.0 Translocations
 + Level 15.4 Invocations
 - Level 4.0 Evocations


You had 29 spell levels left.
You knew the following spells:

 Your Spells              Type           Power        Failure   Level  Hunger
a - Blink                 Tloc           N/A          1%          2    None
b - Passage of Golubria   Tloc           N/A          13%         4    None
c - Lesser Beckoning      Tloc           ####......   3%          3    None


Dungeon Overview and Level Annotations

Branches:
Dungeon (15/15)              Lair (6/6) D:8          Shoals (4/4) Lair:2
  Snake (0/4) Lair:3        Slime (0/5) Lair:6          Orc (2/2) D:11
    Elf (3/3) Orc:2
 Temple: D:4-7       Vaults: D:13-14     Depths: D:15

Altars:
Ashenzari
Elyvilon
Gozag
Kikubaaqudgha
Makhleb
Nemelex Xobeh
Qazlal
Sif Muna
Yredelemnul
Zin
Beogh
Jiyva

Shops:
D:11 }   Orc:2 ([(

Portals:
Trove: Elf:1 (give horn of Geryon)

Annotations:
D:9 2 transporters
Orc:2 Saint Roka


Innate Abilities, Weirdness & Mutations

You can spit globs of acid.
You are resistant to acid.
Your golden yellow scales are hard. (AC +9)
You cannot fit into any form of body armour.
You have acidic saliva.
You are cold-blooded and may be slowed by cold attacks.
You have a beak for a mouth.
You are agile. (Dex +2)
Your mind is acute. (Int +2)
Your muscles are strong. (Str +2)


Message History

Unknown command.
Unknown command.
Evoke which item? (* to show all) (? for menu, Esc to quit)
Aiming: Cloud Cone
Press: ? - help, Dir - move target cursor You create a blast of poison gas!
A deep elf master archer comes into view.
Unknown command.
You block something's attack.
Unknown command.
You feel protected. Something hits you!
* * * LOW HITPOINT WARNING * * *
Unknown command.
Unknown command.
The deep elf master archer wields a glowing longbow.
It bursts into flame!
The deep elf master archer shoots an arrow.
The arrow hits you!!
You die...

#.#..#
**,,,***,,,,,
#..###
*,,,*****,,, #.##
**,,,,***,*, #.#
**,,,,,**** #.##
**,,,,,,,, #..###
***,,,,,, ###..#
***,,,, #.###
##########
#@#######....#e..!
#...§§§§e......#**
##########.#.###
#.#.#####
#.#....).
#.#######
#........
######### #


You could see a deep elf master archer.

Vanquished Creatures
  Rupert (Orc:2)
  A deep elf blademaster (Elf:3)
  Gastronok (Lair:3)
  An orc warlord (Orc:2)
  2 deep elf sorcerers
  The ghost of Salmacis the Earth Mage, a journeyman GrEE of Okawaru (Volcano)
  A deep elf elementalist (Elf:1)
  A stone giant (Orc:2)
  Nessos (Lair:5)
  4 deep elf demonologists
  3 deep elf annihilators
  A merfolk javelineer (Shoals:2)
  2 merfolk impalers
  4 deep elf high priests
  2 ogre magi
  Fannar (Orc:1)
  10 hydras
  2 catoblepae (Lair:6)
  An alligator snapping turtle (Shoals:2)
  17 two-headed ogres
  2 merfolk aquamancers (Shoals:1)
  2 merfolk avatars (Shoals:2)
  4 centaur warriors
  A tengu warrior (D:15)
  2 death yaks (Lair:6)
  13 dancing weapons
  2 orc high priests (Orc:2)
  9 deep elf knights
  A glowing orange brain (D:15)
  10 sea snakes
  An orc knight (Orc:2)
  A lindwurm (Lair:3)
  12 deep elf archers
  An orc sorcerer (Orc:2)
  6 ugly things
  38 deep elf magi
  10 fauns
  A salamander (Volcano)
  5 cyclopes
  2 elephants (Lair:6)
  12 manticores
  9 merfolk sirens
  Maurice (Orc:1)
  3 torpor snails
  6 black mambas
  5 water nymphs
  A centaur zombie (D:15)
  A gargoyle (D:15)
  16 spiny frogs
  2 centaur skeletons
  10 komodo dragons
  5 meliai
  18 merfolk
  7 trolls
  12 polar bears
  2 hornets
  A hornet (shapeshifter) (D:14)
  A wind drake (Shoals:1)
  A raiju (Lair:6)
  26 blink frogs
  3 slime creatures (D:14)
  7 snapping turtles
  A blink frog (shapeshifter) (D:15)
  14 hippogriffs
  12 dream sheep
  3 air elementals (Elf:1)
  3 water elementals
  A fire elemental (Elf:1)
  A fire bat (Volcano)
  5 wyverns
  A wraith (D:14)
  3 basilisks
  23 yaks
  Grum (D:8)
  2 steam dragons
  2 vampire mosquitoes (D:13)
  4 hungry ghosts
  13 wargs
  An acid dragon (D:14)
  3 nagas
  16 water moccasins
  9 porcupines
  16 hell hounds
  2 sky beasts
  3 phantoms
  An eye of draining (D:9)
  3 ice beasts
  12 black bears
  32 orc warriors
  11 ogres
  3 boggarts (D:15)
  29 wolves
  16 centaurs
  20 crocodiles
  3 earth elementals
  20 bullfrogs
  2 scorpions
  2 troll zombies (D:11)
  13 killer bees
  5 wights (D:8)
  5 howler monkeys
  6 crimson imps
  2 electric eels (D:12)
  3 hounds
  A quasit (D:4)
  2 bullfrog skeletons
  4 jellies
  5 bullfrog zombies
  22 orc priests
  31 orc wizards
  A hell rat (Lair:6)
  7 worker ants
  6 ogre zombies (D:11)
  A bullfrog simulacrum (D:12)
  A centaur simulacrum (D:12)
  A worker ant zombie (D:5)
  6 gnolls
  6 adders
  3 river rats (Sewer)
  A shadow imp (D:7)
  3 white imps
  2 ufetubi (D:12)
  2 oozes
  2 adder skeletons
  2 worms
  A dart slug (D:1)
  2 leopard geckos (D:5)
  77 orcs
  5 bats
  7 giant cockroaches
  3 goblins
  7 hobgoblins
  11 jackals
  8 quokkas
  9 ball pythons
  8 frilled lizards
  A giant cockroach zombie (D:5)
  3 hobgoblin skeletons (D:11)
  3 hobgoblin zombies (D:11)
  A jackal skeleton (D:8)
  A jackal zombie (D:8)
  20 kobolds
  2 orc skeletons (D:11)
  13 orc zombies (D:11)
  2 quokka zombies
  27 rats
  A fungus (Lair:6)
  A plant (Shoals:2)
  A tentacle (Shoals:3)
979 creatures vanquished.

Vanquished Creatures (collateral kills)
  A dire elephant (Lair:6)
  The ghost of mhoghedin the Thaumaturge, a journeyman DEWz of Sif Muna (D:11)
  A death yak (Lair:6)
  A manticore (Lair:6)
  A water nymph (Shoals:3)
  A merfolk (Shoals:3)
6 creatures vanquished.

Vanquished Creatures (others)
  A bat (D:3)
  A fungus (Lair:1)
  30 plants
  4 tentacles (Shoals:3)
36 creatures vanquished.

Grand Total: 1021 creatures vanquished

Notes
Turn   | Place    | Note
-------+----------+-------------------------------------------
     0 | D:1      | 4thArraOfDagon the Draconian Warper began the quest for the Orb.
     0 | D:1      | Reached XP level 1. HP: 17/17 MP: 3/3
   109 | D:2      | Reached XP level 2. HP: 10/24 MP: 5/5
   118 | D:2      | Found a stormy altar of Qazlal.
   205 | D:2      | Became a worshipper of Qazlal Stormbringer
   246 | D:2      | Reached skill level 3 in Unarmed Combat
   600 | D:1      | Reached XP level 3. HP: 13/29 MP: 6/6
   626 | D:1      | Reached skill level 1 in Invocations
   860 | D:3      | Reached * piety under Qazlal
   945 | D:3      | Reached skill level 4 in Unarmed Combat
   945 | D:3      | Reached XP level 4. HP: 17/36 MP: 7/7
  1266 | D:4      | Lost dexterity.
  1270 | D:4      | HP: 1/36 [quasit (1)]
  1279 | D:4      | Reached XP level 5. HP: 23/41 MP: 8/8
  1331 | D:3      | Found a white marble altar of Elyvilon.
  1456 | D:1      | Upgraded the game from 0.21-a0-507-ga8f6b7a to 0.21-a0-508-gf08a75f
  1644 | D:5      | Entered Level 5 of the Dungeon
  1672 | D:5      | Found a glowing drain.
  1685 | Sewer    | Entered a sewer
  1849 | Sewer    | Reached skill level 5 in Unarmed Combat
  1965 | Sewer    | Reached ** piety under Qazlal
  2529 | D:5      | Gained mutation: You occasionally shout uncontrollably at your foes. [potion of mutation]
  2529 | D:5      | Gained mutation: Your tail ends in a poisonous barb. [potion of mutation]
  2529 | D:5      | Gained mutation: You have a beak for a mouth. [potion of mutation]
  2529 | D:5      | Gained mutation: Your flesh is cold resistant. (rC+) [potion of mutation]
  2763 | D:4      | Reached XP level 6. HP: 41/48 MP: 9/9
  2802 | D:4      | Found an ancient bone altar of Kikubaaqudgha.
  3052 | D:5      | Found a burning altar of Makhleb.
  3149 | D:5      | Reached skill level 6 in Unarmed Combat
  3235 | D:6      | Learned a level 2 spell: Blink
  3240 | D:6      | Learned a level 4 spell: Passage of Golubria
  3244 | D:6      | Learned a level 3 spell: Lesser Beckoning
  3334 | D:6      | Reached skill level 7 in Unarmed Combat
  3334 | D:6      | Your scales start taking on a golden yellow colour.
  3334 | D:6      | Reached XP level 7. HP: 41/55 MP: 10/10
  3720 | D:7      | Found an opulent altar of Gozag.
  3765 | D:8      | Noticed Grum
  3849 | D:8      | Reached skill level 8 in Unarmed Combat
  3849 | D:8      | Reached XP level 8. HP: 47/63 MP: 8/11
  3926 | D:8      | Noticed a hippogriff
  3981 | D:8      | Killed a hippogriff
  4124 | D:8      | Noticed a komodo dragon
  4205 | D:10     | Entered Level 10 of the Dungeon
  4212 | D:10     | Reached skill level 5 in Invocations
  4268 | D:9      | Noticed a hippogriff
  4286 | D:9      | Killed a hippogriff
  4286 | D:9      | Reached skill level 9 in Unarmed Combat
  4354 | D:9      | Lost mutation: Your flesh is cold resistant. (rC+) [mutagenic meat]
  4355 | D:9      | Gained mutation: You expend magic power (3 MP) to strengthen your wands. [mutagenic meat]
  4356 | D:9      | Gained mutation: Your mind is acute. (Int +2) [mutagenic meat]
  4357 | D:9      | Gained mutation: You are clumsy. (Dex -2) [mutagenic meat]
  4362 | D:9      | Reached XP level 9. HP: 50/73 MP: 13/13
  4399 | D:9      | Noticed an orc high priest
  4399 | D:9      | Noticed a kobold demonologist
  4402 | D:9      | Found a transporter.
  4406 | D:9      | Found a transporter.
  4487 | D:9      | Found a basalt altar of Yredelemnul.
  4487 | D:9      | Found a shattered altar of Ashenzari.
  4489 | D:9      | Found a deep blue altar of Sif Muna.
  4491 | D:9      | Found a glowing silver altar of Zin.
  4492 | D:9      | Found a sparkling altar of Nemelex Xobeh.
  4575 | D:9      | Reached skill level 5 in Fighting
  4691 | D:9      | Noticed a kobold demonologist
  4692 | D:9      | Noticed a kobold demonologist
  4775 | D:10     | Noticed a two-headed ogre
  4814 | D:10     | Noticed an ogre mage
  4846 | D:10     | Reached *** piety under Qazlal
  4936 | D:11     | Noticed a red ugly thing
  4969 | D:11     | Killed a red ugly thing
  4969 | D:11     | Reached skill level 5 in Dodging
  4969 | D:11     | Reached skill level 10 in Unarmed Combat
  5238 | D:11     | Found a staircase to the Orcish Mines.
  5257 | D:11     | Reached XP level 10. HP: 79/83 MP: 15/15
  5359 | D:11     | Found Pophof's Gadget Boutique.
  5397 | D:11     | Reached **** piety under Qazlal
  5426 | D:11     | Noticed a two-headed ogre
  5437 | D:11     | Killed a two-headed ogre
  5437 | D:11     | Reached skill level 11 in Unarmed Combat
  5488 | D:11     | Noticed mhoghedin's ghost (journeyman DEWz)
  5497 | D:11     | Killed mhoghedin's ghost
  5585 | D:12     | Noticed a brown ugly thing
  5601 | D:12     | Killed a brown ugly thing
  5612 | D:12     | Gained mutation: Your tail ends in a sharp poisonous barb. [mutagenic meat]
  5734 | D:12     | Identified a scroll of acquirement
  5736 | D:12     | Got a crude marble ring
  5737 | D:12     | Identified the ring of Onkegy {rN+ Dex+2} (You acquired it on level 12 of the Dungeon)
  5763 | D:12     | Noticed a cyclops
  5766 | D:12     | Killed a cyclops
  5810 | D:12     | Noticed a manticore
  5811 | D:12     | Killed a manticore
  5811 | D:12     | Reached XP level 11. HP: 40/93 MP: 9/17
  5983 | D:12     | Reached skill level 12 in Unarmed Combat
  6217 | D:12     | Noticed a four-headed hydra
  6234 | D:13     | Noticed a four-headed hydra
  6238 | D:13     | Killed a four-headed hydra
  6405 | D:14     | Gained mutation: Your large and strong wings let you fly indefinitely. [mutagenic meat]
  6406 | D:14     | Gained mutation: You tend to lose your temper in combat. [mutagenic meat]
  6407 | D:14     | Lost mutation: Your mind is acute. (Int +2) [mutagenic meat]
  6432 | D:14     | Noticed a centaur warrior
  6443 | D:14     | Killed a centaur warrior
  6443 | D:14     | Reached skill level 1 in Evocations
  6553 | D:14     | Found a basalt altar of Yredelemnul.
  6573 | D:14     | Noticed a centaur warrior
  6579 | D:14     | Killed a centaur warrior
  6755 | D:14     | Lost mutation: You are clumsy. (Dex -2) [mutagenic meat]
  6771 | D:14     | Noticed a two-headed ogre
  6783 | D:14     | Killed a two-headed ogre
  6801 | D:14     | Noticed a centaur warrior
  6810 | D:14     | Killed a centaur warrior
  6853 | D:14     | Noticed a four-headed hydra
  6887 | D:14     | Reached skill level 13 in Unarmed Combat
  6887 | D:14     | Reached XP level 12. HP: 22/104 MP: 8/19
  7037 | D:15     | Entered Level 15 of the Dungeon
  7123 | D:15     | Noticed a centaur warrior
  7128 | D:15     | Noticed a tengu warrior
  7136 | D:15     | Killed a centaur warrior
  7143 | D:15     | Killed a tengu warrior
  7207 | D:15     | Noticed a two-headed ogre
  7213 | D:15     | Killed a two-headed ogre
  7348 | D:15     | Noticed a two-headed ogre
  7352 | D:15     | Killed a two-headed ogre
  7411 | D:15     | Reached skill level 10 in Invocations
  7442 | D:15     | Noticed a two-headed ogre
  7447 | D:15     | Killed a two-headed ogre
  7452 | D:15     | Reached skill level 10 in Fighting
  7453 | D:15     | Noticed a two-headed ogre
  7455 | D:15     | Noticed a two-headed ogre
  7459 | D:15     | Noticed an ogre mage
  7465 | D:15     | Killed a two-headed ogre
  7465 | D:15     | Reached skill level 14 in Unarmed Combat
  7469 | D:15     | Noticed a two-headed ogre
  7470 | D:15     | Killed an ogre mage
  7471 | D:15     | Noticed a two-headed ogre
  7471 | D:15     | Noticed a two-headed ogre
  7476 | D:15     | Killed a two-headed ogre
  7478 | D:15     | Killed a two-headed ogre
  7479 | D:15     | Killed a two-headed ogre
  7482 | D:15     | Noticed a rakshasa
  7483 | D:15     | Reached XP level 13. HP: 57/113 MP: 7/20
  8012 | Orc:1    | Entered Level 1 of the Orcish Mines
  8085 | Orc:1    | Noticed Fannar
  8091 | Orc:2    | Entered Level 2 of the Orcish Mines
  8185 | Orc:2    | Found a roughly hewn altar of Beogh.
  8261 | Orc:2    | Noticed Saint Roka
  8279 | Orc:2    | Found a staircase to the Elven Halls.
  8332 | Orc:1    | Killed Fannar
  8659 | Orc:2    | Noticed a stone giant
  8679 | Orc:2    | Noticed Maurice
  8873 | Orc:1    | Killed Maurice
  9480 | Orc:2    | Noticed Rupert
 10317 | Orc:2    | Killed a stone giant
 10317 | Orc:2    | Reached skill level 15 in Unarmed Combat
 10371 | Orc:2    | Found a roughly hewn altar of Beogh.
 10371 | Orc:2    | Found Kiabal's Antique Weapon Boutique.
 10440 | Orc:2    | Found a roughly hewn altar of Beogh.
 10468 | Orc:2    | Killed Rupert
 10930 | Orc:2    | Noticed an orc warlord
 10972 | Orc:2    | Killed an orc warlord
 11250 | Orc:2    | Found Voommut's Antique Weapon Shoppe.
 11251 | Orc:2    | Found a roughly hewn altar of Beogh.
 11268 | Orc:2    | Found Huirphia's Antique Armour Emporium.
 11301 | Orc:2    | Found a roughly hewn altar of Beogh.
 11369 | Orc:2    | Found a roughly hewn altar of Beogh.
 11440 | Orc:2    | Found a roughly hewn altar of Beogh.
 11445 | Orc:2    | Found Pomisol's Weapon Shoppe.
 11540 | D:10     | Reached skill level 10 in Dodging
 11557 | D:10     | Gained mutation: You have acidic saliva. [Yellow Draconian growth]
 11557 | D:10     | Reached XP level 14. HP: 106/124 MP: 17/22
 11890 | D:8      | Killed Grum
 12201 | D:8      | Found a staircase to the Lair.
 12206 | Lair:1   | Entered Level 1 of the Lair of Beasts
 12582 | Lair:2   | Reached skill level 16 in Unarmed Combat
 12921 | Lair:2   | Found a staircase to the Shoals.
 13047 | Lair:3   | Noticed Gastronok
 13105 | Lair:3   | Killed Gastronok
 13165 | Lair:3   | Lost mutation: Your tail ends in a sharp poisonous barb. [potion of mutation]
 13165 | Lair:3   | Lost mutation: Your tail ends in a poisonous barb. [potion of mutation]
 13165 | Lair:3   | Lost mutation: You tend to lose your temper in combat. [potion of mutation]
 13165 | Lair:3   | Lost mutation: Your large and strong wings let you fly indefinitely. [potion of mutation]
 13165 | Lair:3   | Gained mutation: You are resistant to electric shocks. (rElec) [potion of mutation]
 13165 | Lair:3   | Gained mutation: Your flesh is heat resistant. (rF+) [potion of mutation]
 13278 | Lair:3   | Found a staircase to the Snake Pit.
 13305 | Lair:3   | Lost mutation: Your flesh is heat resistant. (rF+) [potion of mutation]
 13305 | Lair:3   | Lost mutation: You expend magic power (3 MP) to strengthen your wands. [potion of mutation]
 13305 | Lair:3   | Lost mutation: You occasionally shout uncontrollably at your foes. [potion of mutation]
 13305 | Lair:3   | Lost mutation: You are resistant to electric shocks. (rElec) [potion of mutation]
 13305 | Lair:3   | Gained mutation: You are agile. (Dex +2) [potion of mutation]
 13305 | Lair:3   | Gained mutation: Your mind is acute. (Int +2) [potion of mutation]
 13305 | Lair:3   | Gained mutation: Your muscles are strong. (Str +2) [potion of mutation]
 13810 | Lair:4   | Found the +3 hat of Pondering {ponderous, MR+ MP+10 Int+5}
 14156 | Lair:5   | Reached skill level 17 in Unarmed Combat
 14171 | Lair:5   | Got a slimy shield
 14172 | Lair:5   | Identified the cursed +0 shield "Bygawe Kager" {+Fly MR+ rCorr Dex+3} (You found it on level 5 of the Lair of Beasts)
 14237 | Lair:5   | Found a dark tunnel.
 14250 | Volcano  | Entered a volcano
 14296 | Volcano  | Noticed Salmacis's ghost (journeyman GrEE)
 14307 | Volcano  | Killed Salmacis's ghost
 14307 | Volcano  | Reached XP level 15. HP: 134/134 MP: 23/23
 14568 | Lair:6   | Entered Level 6 of the Lair of Beasts
 14585 | Lair:5   | Noticed Nessos
 14591 | Lair:5   | Killed Nessos
 14635 | Lair:6   | Found a staircase to the Slime Pits.
 14635 | Lair:6   | Found a viscous altar of Jiyva.
 14831 | Lair:6   | Reached ***** piety under Qazlal
 15843 | Lair:6   | Reached skill level 18 in Unarmed Combat
 15885 | Lair:6   | Thaneod: później zigguraty będziesz czyścił?
 15913 | Lair:6   | Identified Sif Muna's Collected Works on Creative Envenoming
 15935 | Lair:6   | 4thArraOfDagon: haha
 15935 | Lair:6   | 4thArraOfDagon: czemu zawsze ziguraty
 15935 | Lair:6   | 4thArraOfDagon: niemozna normalnie wygrac? :)
 16415 | Lair:5   | Thaneod: you can, but armagedon from god is soo awesome
 16567 | Lair:3   | 4thArraOfDagon: now, lets die in shoals
 16567 | Lair:3   | 4thArraOfDagon: :(
 16619 | Shoals:1 | Entered Level 1 of the Shoals
 17149 | Shoals:1 | Reached skill level 5 in Spellcasting
 17904 | Shoals:1 | Reached XP level 16. HP: 59/146 MP: 25/25
 18380 | Shoals:1 | Upgraded the game from 0.21-a0-508-gf08a75f to 0.21-a0-509-gecc5317
 18711 | Shoals:2 | Thaneod: da się wytrenować 27 invo nie robiąc hella i pandem:>?
 18726 | Shoals:2 | 4thArraOfDagon: da
 18726 | Shoals:2 | 4thArraOfDagon: ale musialbys
 18726 | Shoals:2 | 4thArraOfDagon: naprzyklad DS
 18726 | Shoals:2 | murphy: https://imgur.com/a/mu9G0
 18726 | Shoals:2 | 4thArraOfDagon: albo orkiem
 18749 | Shoals:2 | murphy: ever seen something like this? https://imgur.com/a/mu9G0
 18759 | Shoals:2 | Thaneod: oo słabo
 18761 | Shoals:2 | Thaneod: mało lifa
 18805 | Shoals:2 | Thaneod: muprhy like a army^^
 18834 | Shoals:2 | Thaneod: one line against another,
 18991 | Shoals:2 | Thaneod: da się wyłączyć jakoś opcje gragficzne w grze? np. dym, animacje tornada
 19000 | Shoals:2 | Thaneod: jak widzę to zamula strasznie
 19025 | Shoals:2 | murphy: i had no rcorr in this pic so it was quite deadly
 19194 | Shoals:2 | 4thArraOfDagon: oh crap
 19194 | Shoals:2 | 4thArraOfDagon: this pic is epic :)
 19252 | Shoals:2 | Thaneod: dead in first fire?
 19572 | Shoals:3 | murphy: nah somehow i got away
 19572 | Shoals:3 | Identified the amulet of Descent {Gourm rElec rC++ rN+ MR-} (You acquired it on level 3 of the Shoals)
 20278 | Shoals:3 | Noticed a kraken
 20304 | Shoals:3 | Noticed a kraken
 20333 | Shoals:3 | 4thArraOfDagon: draconian without transmutations is weak as chicken
 20596 | Shoals:4 | Entered Level 4 of the Shoals
 20897 | Orc:2    | murphy: i find not weak but the lack of heavy body armour means you will have trouble to play melee ofc
 20939 | Orc:2    | Thaneod: and how good is naga in statue form?
 20939 | Orc:2    | murphy: at least in the later parts of the game
 20940 | Elf:1    | Entered Level 1 of the Elven Halls
 20959 | Orc:2    | p0werm0de: https://kulturkosmos.org/s/u/p/p/o/r/t/e/r/de/register/
 20959 | Orc:2    | Reached skill level 10 in Spellcasting
 21075 | Orc:1    | p0werm0de: come to germany folx!
 21120 | Orc:1    | p0werm0de: ;D
 21131 | Elf:1    | murphy: still as a mage i would say Dr is ok
 21134 | Elf:1    | p0werm0de: jacques and arra would like im sure
 21136 | Elf:1    | Thaneod: power was ist das?
 21149 | Orc:2    | p0werm0de: hardcore festival
 21209 | Orc:2    | p0werm0de: link is for work signup
 21310 | Orc:2    | p0werm0de: in northern germany
 21316 | Elf:1    | p0werm0de: west of berlin
 21328 | Orc:2    | p0werm0de: signup now, party in june nxt yr
 21334 | Orc:2    | p0werm0de: :>
 21493 | Orc:2    | p0werm0de: https://www.youtube.com/watch?v=z1yPQBZnAT8
 21501 | Orc:2    | p0werm0de: this!!!
 21840 | Elf:1    | let it be
 21978 | Elf:1    | Thaneod: 4h zum Oppeln
 22247 | Elf:1    | p0werm0de: it last 4 days+
 22262 | Elf:1    | p0werm0de: over 2 weeks if ya want to go to the edge adn work
 22514 | Elf:1    | Found a portal to a secret trove of treasure.
 23436 | Elf:3    | Entered Level 3 of the Elven Halls
 23438 | Elf:3    | :(
 23597 | Elf:2    | Reached XP level 17. HP: 115/152 MP: 32/32
 24377 | Elf:3    | Noticed a deep elf blademaster
 24391 | Elf:3    | Noticed a Hell Sentinel
 24394 | Elf:3    | Reached skill level 15 in Invocations
 24395 | Elf:3    | Killed a deep elf blademaster
 24413 | Elf:3    | Noticed a deep elf master archer
 24415 | Elf:3    | Shot with an arrow by a deep elf master archer

Vault maps used:
D:1:      minmay_arrival_split_and_join
D:2:      overflow_temple_1_default, first_bread
D:3:      elyvilon_altar_4
D:4:      overflow_temple_1_default, minmay_temple_entry_trees,
          due_unseen_surprise
D:5:      minitemple, gup_sewer_entry_pipe, kennysheep_generic_room_11
D:6:      overflow_temple_1_default
D:7:      grunt_gozag_breadcrumbs, grunt_ogre_cave
D:8:      erik_lair_dragon, uniq_grum
D:9:      gammafunk_wand_slinger, grunt_temple_overflow_open
D:11:     zombieorc2_lemuel, serial_shops, shop, kennysheep_generic_room_4
D:12:     kennysheep_windowed_halls, special_room, serial_ice, serial_ice_d,
          serial_ice_g, serial_ice_o, serial_ice_i, serial_ice_f, serial_ice_m,
          serial_ice_a, hangedman_misty_isle
D:13:     hangedman_vaults_entry_quadrant_bands
D:14:     tso_altar, corexii_leaking_fountain, yredelemnul_altar_generic
D:15:     gammafunk_enter_depths_forms, nicolae_two_hexagons
Lair:1:   lemuel_fruit_tree, infiniplex_staircase_pool_2, lemuel_fruit_fields
Lair:2:   elwin_shoals_entry_stream
Lair:3:   cheibrodos_lair_overgrown_chateau, guppyfry_snake_entry_garden,
          hibernation_bobbens, uniq_gastronok
Lair:4:   beast_lair_carwin_4
Lair:5:   enter_volcano_1, lemuel_fruit_fields, uniq_nessos
Lair:6:   hangedman_lair_caniforms_friends, hangedman_lair_in_review,
          slime_altar_1
Shoals:2: st_sunken_huts
Shoals:4: shoals_end_grunt_ice, shoals_ilsuiw_alternative, uniq_bai_suzhen
Orc:1:    uniq_fannar
Orc:2:    grunt_orc_community_town_hall, grunt_orc_community_big_house_2,
          grunt_orc_community_big_house_1, grunt_orc_community_house_1,
          grunt_orc_community_house_2, grunt_orc_community_house_1,
          grunt_orc_community_house_3, grunt_orc_community_house_1,
          grunt_orc_community_house_2, nooodl_orcs_dogs, uniq_maurice,
          uniq_saint_roka, uniq_rupert
Elf:1:    eino_elf_arrival_the_gate, nicolae_trove_entry_diagonal,
          minmay_elf_crystal_hexagon
Elf:3:    minmay_elf_hall_circle, hex_medium, uniq_asterion
Sewer:    sewer_minmay_treatment
Volcano:  volcano_village

Skill      XL: |  1  2  3  4  5  6  7  8  9 10 11 12 13 14 15 16 17 |
---------------+----------------------------------------------------+-----
Unarmed Combat | 3 4 5 7 8 9 10 11 13 14 15 17 18 | 18.4
Invocations    | 1 2 3 4 5 6 8 9 10 11 13 15 | 15.4
Fighting       | 3 4 6 7 9 10 11 12 14 | 14.0
Dodging        | 4 5 6 7 8 10 11 | 11.2
Evocations     | 3 4 |  4.0
Spellcasting   | 6 11 | 11.1
Throwing       | |  0.8
Translocations | |  3.0

Action                   |  1- 3 |  4- 6 |  7- 9 | 10-12 | 13-15 | 16-18 || total
-------------------------+-------+-------+-------+-------+-------+-------++-------
Melee: Unarmed           |   193 |   346 |   269 |   344 |  1649 |   723 ||  3524
       Tailslap          |    11 |    12 |    32 |    43 |   233 |   117 ||   448
       Peck              |       |     2 |    31 |    57 |   337 |   153 ||   580
       Punch             |       |     1 |     6 |    11 |   113 |    79 ||   210
       Bite              |       |       |       |       |   117 |    91 ||   208
Throw: Throwing net      |       |       |       |       |     2 |       ||     2
 Cast: Blink             |       |       |       |       |       |     1 ||     1
Invok: Upheaval          |       |     3 |     6 |    27 |    29 |    29 ||    94
       Elemental Force   |       |       |       |     1 |     5 |     2 ||     8
 Abil: Breathe Acid      |       |       |    29 |    36 |    58 |     4 ||   127
       Evoke Berserk Rag |       |       |       |       |     1 |     3 ||     4
Evoke: Wand              |       |       |       |    21 |    18 |     7 ||    46
  Use: Potion            |     3 |    14 |     1 |     7 |    10 |    11 ||    46
       Scroll            |       |     6 |     5 |     6 |    19 |    16 ||    52
 Stab: Sleeping          |     1 |       |       |       |       |       ||     1
       Confused          |       |       |       |     3 |       |       ||     3
       Held in net/web   |       |       |       |       |     3 |       ||     3
       Paralysed         |       |       |       |       |     3 |       ||     3
  Eat: Chunk             |       |     8 |    18 |    22 |    41 |     7 ||    96
       Bread ration      |       |     1 |       |       |       |       ||     1
       Royal jelly       |       |       |       |     2 |       |    12 ||    14
       Meat ration       |       |       |       |     2 |     1 |       ||     3
       Fruit             |       |       |       |       |     6 |       ||     6
Armor: Skin              |    42 |   263 |    73 |    79 |   261 |   156 ||   874
Dodge: Dodged            |   113 |   125 |    92 |   191 |  1042 |   390 ||  1953
       Deflected         |       |       |       |       |    14 |    26 ||    40
Block: Other             |     3 |     9 |    30 |    48 |   246 |    93 ||   429

Table legend:
 A = Spawn XP
 B = Non-spawn XP
 C = Spawn XP percentage of total XP
 D = Spawn monster count
 E = Non-spawn monster count
 F = Spawn count percentage of total count
 G = Total turns spent on level
                    A         B        C        D         E        F      G
               +---------+---------+-------+---------+---------+-------+---------
         Total |       0 |  249972 |   0.0 |       0 |     982 |   0.0 | 24415
               +---------+---------+-------+---------+---------+-------+---------
           D:1 |       0 |      31 |   0.0 |       0 |      16 |   0.0 |   343
           D:2 |       0 |      16 |   0.0 |       0 |       9 |   0.0 |   588
           D:3 |       0 |     119 |   0.0 |       0 |      35 |   0.0 |   532
           D:4 |       0 |     105 |   0.0 |       0 |       4 |   0.0 |   363
           D:5 |       0 |      96 |   0.0 |       0 |      12 |   0.0 |   598
           D:6 |       0 |     329 |   0.0 |       0 |       7 |   0.0 |   305
           D:7 |       0 |     177 |   0.0 |       0 |       7 |   0.0 |   156
           D:8 |       0 |    3638 |   0.0 |       0 |      41 |   0.0 |   945
           D:9 |       0 |     942 |   0.0 |       0 |       9 |   0.0 |   572
          D:10 |       0 |    5032 |   0.0 |       0 |      17 |   0.0 |   579
          D:11 |       0 |    3775 |   0.0 |       0 |      58 |   0.0 |   708
          D:12 |       0 |    7271 |   0.0 |       0 |      48 |   0.0 |   976
          D:13 |       0 |    1851 |   0.0 |       0 |       9 |   0.0 |   319
          D:14 |       0 |    7538 |   0.0 |       0 |      27 |   0.0 |   642
          D:15 |       0 |   17204 |   0.0 |       0 |      31 |   0.0 |   451
        Lair:1 |       0 |    3501 |   0.0 |       0 |      19 |   0.0 |   400
        Lair:2 |       0 |    8037 |   0.0 |       0 |      25 |   0.0 |   750
        Lair:3 |       0 |   11297 |   0.0 |       0 |      32 |   0.0 |   775
        Lair:4 |       0 |    7292 |   0.0 |       0 |      25 |   0.0 |   552
        Lair:5 |       0 |    4674 |   0.0 |       0 |      20 |   0.0 |   848
        Lair:6 |       0 |   30791 |   0.0 |       0 |     122 |   0.0 |  1296
      Shoals:1 |       0 |   14623 |   0.0 |       0 |      30 |   0.0 |  1468
      Shoals:2 |       0 |   17511 |   0.0 |       0 |      35 |   0.0 |  1526
      Shoals:3 |       0 |    9285 |   0.0 |       0 |      25 |   0.0 |   692
         Orc:1 |       0 |    4312 |   0.0 |       0 |      29 |   0.0 |  1889
         Orc:2 |       0 |   20787 |   0.0 |       0 |     144 |   0.0 |  2519
         Elf:1 |       0 |   28823 |   0.0 |       0 |      43 |   0.0 |  1778
         Elf:2 |       0 |   23091 |   0.0 |       0 |      33 |   0.0 |   664
         Elf:3 |       0 |   12549 |   0.0 |       0 |      12 |   0.0 |   213
         Sewer |       0 |     127 |   0.0 |       0 |      48 |   0.0 |   774
       Volcano |       0 |    5148 |   0.0 |       0 |      10 |   0.0 |   188
               +---------+---------+-------+---------+---------+-------+---------
